cohdb
Replays
Latest Replays
All Replays
Popular Replays
Top Player Replays
Match Explorer
How It Works
Community
CoH3 Stats
Reddit
Sign in to upload your games and track your stats! →
Sign in with Steam
Match 44494365
Unlisted
Match 44494365
Overview
Messages
Build Orders
End
Vickers Machine Gun Team
Construct Section Command Post
Infantry Section
Infantry Section
Grenade Package
Infantry Section
Construct Platoon Command Post
Selects Air and Sea Battlegroup
Selects Air and Sea Battlegroup
Selects Supply Surplus
Construct Resource Cache
6-pounder Anti-tank Gun Team
Construct Resource Cache
Selects Commando Section Paradrop
Selects M1 Pack Howitzer Paradrop
Construct Company Command Post
Unlock M3 Grant Medium Tanks
Construct Resource Cache
Construct Resource Cache
M3 Grant Medium Tank
Construct Resource Cache
Selects Incendiary Bombing Run
M3 Grant Medium Tank
Construct Resource Cache
Selects Anti-tank Rocket Loiter
Armored Vehicle Training
Anti-tank Rocket Loiter
M3 Grant Medium Tank
M3 Grant Medium Tank
Construct Resource Cache
Selects UNKNOWN (223837)
Selects Naval Bombardment
Construct Resource Cache
GruZ
Tim
Zero Ambition
rogefs04
JareK
Joschi Balboa
0
0
Comments
sign in to comment!
No comments posted yet!